Map: [ESL] Ghost River

Players

Harstem - Winner!

  • Race: Protoss Protoss
  • League: Master
  • Spawn Location: 1:00

ShoWTimE

  • Race: Protoss Protoss
  • League: Master
  • Spawn Location: 11:00

Event: HomeStory Cup XXV

VOD

Have the link to the VOD?

Description

Time

  • Played on: June 22, 2024, 9:44 a.m.
  • Length: 6:02

All games in this series

Show
View Real Time Build Order
Export as new Build Order

Harstem Protoss - Winner!

Build Orders:  

Get SALT Encoding   

  12  0:00  Probe  
  13  0:12  Probe  
  14  0:17  Pylon  
  14  0:24  Probe (Chrono Boost)  
  15  0:36  Probe (Chrono Boost)  
  15  0:37  Gateway  
  16  0:45  Probe (Chrono Boost)  
  16  0:47  Assimilator  
  17  0:51  Probe  
  17  0:54  Assimilator  
  18  1:03  Probe (Chrono Boost)  
  19  1:06  Gateway  
  20  1:12  Probe (Chrono Boost)  
  20  1:17  Probe (Chrono Boost)  
  20  1:24  Cybernetics Core  
  21  1:29  Probe  
  22  1:34  Pylon  
  22  1:41  Probe  
  24  2:00  Robotics Facility, Warp Gate  
  24  2:03  Stalker  
  24  2:05  Probe  
  26  2:12  Stalker  
  28  2:20  Pylon  
  28  2:21  Probe  
  29  2:28  Pylon  
  29  2:35  Stalker  
  31  2:42  Stalker  
  33  2:52  Immortal (Chrono Boost)  
  36  3:06  Probe  
  36  3:07  Shield Battery  
  37  3:18  Pylon  
  37  3:31  Warp Prism (Chrono Boost)  
  39  3:36  Probe  
  40  3:52  Sentry  
  40  3:55  Pylon  
  42  4:01  Immortal (Chrono Boost)  
  46  4:15  Stalker  
  46  4:16  Stalker  
  49  4:33  Pylon  
  49  4:34  Immortal (Chrono Boost)  
  52  4:39  Probe  
  52  4:45  Sentry  
  55  5:10  Immortal  
  60  5:15  Pylon  
  60  5:16  Sentry  
  60  5:18  Zealot  
  61  5:38  Sentry  
  61  5:41  Zealot  
Show
View Real Time Build Order
Export as new Build Order

ShoWTimE Protoss 

Build Orders:  

Get SALT Encoding   

  12  0:00  Probe  
  13  0:12  Probe  
  14  0:17  Pylon  
  14  0:24  Probe (Chrono Boost)  
  15  0:35  Gateway  
  15  0:36  Probe (Chrono Boost)  
  16  0:44  Probe (Chrono Boost)  
  16  0:45  Assimilator  
  17  0:50  Probe  
  18  1:03  Probe (Chrono Boost)  
  18  1:04  Assimilator  
  19  1:09  Gateway  
  19  1:13  Probe (Chrono Boost)  
  19  1:18  Probe (Chrono Boost)  
  20  1:23  Cybernetics Core  
  21  1:29  Probe  
  22  1:34  Pylon  
  22  1:41  Probe  
  23  1:53  Probe  
  24  1:58  Warp Gate (Chrono Boost)  
  24  1:59  Adept x2  
  28  2:05  Probe  
  29  2:11  Pylon  
  29  2:29  Adept x2  
  33  2:43  Nexus  
  33  2:56  Shield Battery  
  33  3:01  Adept x2  
  37  3:07  Probe  
  37  3:11  Pylon  
  36  3:32  Probe  
  35  3:40  Sentry x2  
  39  3:43  Twilight Council  
  39  3:44  Probe  
  39  3:47  Robotics Facility  
  40  3:54  Shield Battery  
  40  3:56  Probe  
  40  3:57  Probe  
  42  4:06  Shield Battery  
  42  4:10  Sentry x2  
  42  4:13  Shield Battery  
  42  4:31  Shield Battery, Immortal (Chrono Boost)  
  42  4:37  Stalker  
  42  4:38  Stalker  
  46  5:00  Immortal (Chrono Boost)  
  46  5:01  Stalker  
  48  5:08  Stalker  
  48  5:24  Stalker  
  50  5:29  Warp Prism (Chrono Boost)  
  50  5:33  Adept  
Tags
 
Add a new tag
Caveats
  • Supply blocks, unpowered buildings, or Contaminate may cause inaccurate times.
  • Supply counts are checked every 10 seconds.